AoeStats
← Capitão Caverna

Black Forest

506523832Analyzed
4v4 RM · 19d ago on Sep 13, 2026· 46m 10s· 8 players
Game mode
Random Map
Map size
Large (8 player)
Population
200
Speed
Normal
Resources
Standard
Victory
Conquest
Starting age
Dark Age
Ending age
Imperial Age
RankedLock teamsTeams togetherTeam positionsShared explorationLock speedFull tech treeHidden civsTurbo modeCheats
Victory
Defeat
🇧🇷 Teutons · Brazil
1319
+16
🇧🇷 Italians · Brazil
1278
+18
🇧🇷 Persians · Brazil
1201
+21
🇧🇷 Goths · Brazil
1160
+22
🇨🇱 Hindustanis · Chile
1404
-24
🇺🇾 Turks · Uruguay
1310
-19
🇦🇷 Persians · Argentina
1265
-17
🇹🇷 Britons · Türkiye
1259
-17
[URU] ElPrimerURU
0:46 Loom
11:51 Feudal Age
12:20 Double-Bit Axe
12:18 Horse Collar
14:25 Gold Mining
19:44 Castle Age
23:53 Imperial Age
22:55 Padded Archer Armor
23:42 Fletching
35:28 Wheelbarrow
43:17 Leather Archer Armor
LaPosta
0:48 Loom
10:48 Feudal Age
11:53 Double-Bit Axe
17:30 Castle Age
16:18 Horse Collar
17:08 Town Watch
18:00 Wheelbarrow
18:11 Forging
17:29 Man-at-Arms
18:29 Squires
18:29 Long Swordsman
21:58 Heavy Plow
23:08 Bow Saw
24:19 Scale Mail Armor
24:55 Iron Casting
26:31 Chain Mail Armor
28:25 Fervor
30:05 Arson
32:22 Gold Mining
35:29 Imperial Age
35:12 Hand Cart
35:31 Two-Handed Swordsman
37:38 Blast Furnace
37:04 Block Printing
37:15 Illumination
38:06 Theocracy
38:19 Conscription
39:19 Sanctity
40:18 Gold Shaft Mining
41:31 Chemistry
41:28 Town Patrol
41:14 Champion
CHOSEN
9:54 Feudal Age
13:57 Loom
15:09 Wheelbarrow
14:49 Double-Bit Axe
17:09 Castle Age
15:17 Horse Collar
23:49 Heavy Plow
25:06 Bow Saw
25:42 Stone Mining
25:43 Gold Mining
28:17 Hand Cart
27:48 Town Watch
29:14 Caravan
30:40 Fletching
30:51 Padded Archer Armor
31:12 Town Patrol
32:08 Gold Shaft Mining
34:21 Imperial Age
31:56 Bodkin Arrow
32:17 Leather Archer Armor
32:25 Ballistics
34:19 Yeomen
34:02 Crossbowman
36:03 Chemistry
35:30 Conscription
36:21 Two-Man Saw
34:56 Arbalester
35:47 Bracer
36:18 Ring Archer Armor
37:05 Warwolf
37:32 Elite Skirmisher
PeloDeElite
0:26 Loom
11:22 Feudal Age
15:36 Castle Age
24:57 Double-Bit Axe
27:06 Wheelbarrow
28:06 Bow Saw
31:11 Imperial Age
29:40 Hand Cart
29:10 Town Watch
29:40 Caravan
29:42 Devotion
29:43 Gold Mining
29:56 Stone Mining
30:47 Town Patrol
31:50 Scale Barding Armor
31:55 Forging
32:24 Conscription
32:48 Gold Shaft Mining
32:50 Stone Shaft Mining
33:06 Chain Barding Armor
32:12 Cavalier
32:54 Husbandry
33:06 Bloodlines
32:50 Horse Collar
34:28 Iron Casting
34:12 Heavy Plow
33:48 Savar
34:26 Light Cavalry
37:17 Plate Barding Armor
37:42 Blast Furnace
37:16 Hussar
40:50 Citadels
41:18 Elite War Elephant
Tomate
11:20 Feudal Age
15:07 Castle Age
15:46 Double-Bit Axe
15:44 Horse Collar
17:17 Wheelbarrow
21:18 Bow Saw
22:12 Stone Mining
22:17 Gold Mining
24:35 Caravan
27:22 Heavy Plow
31:05 Imperial Age
29:44 Anarchy
30:03 Scale Mail Armor
31:39 Chain Mail Armor
32:31 Forging
32:49 Perfusion
33:04 Man-at-Arms
33:35 Long Swordsman
34:00 Two-Handed Swordsman
38:23 Elite Huskarl
39:54 Iron Casting
40:52 Chemistry
40:13 Ballistics
41:09 Two-Man Saw
39:46 Champion
41:12 Pikeman
41:53 Squires
41:39 Halberdier
Capitão Caverna
7:05 Loom
12:04 Feudal Age
16:25 Castle Age
14:39 Double-Bit Axe
14:52 Horse Collar
16:38 Wheelbarrow
17:24 Bow Saw
17:42 Heavy Plow
23:13 Gold Mining
24:22 Stone Mining
29:49 Imperial Age
28:42 Forging
28:38 Scale Barding Armor
29:26 Gold Shaft Mining
29:28 Stone Shaft Mining
29:39 Caravan
30:53 Conscription
31:09 Crop Rotation
32:23 Chain Barding Armor
32:39 Iron Casting
31:50 Elite War Elephant
32:43 Devotion
34:28 Faith
35:18 Hand Cart
35:56 Plate Barding Armor
36:23 Blast Furnace
36:13 Onager
37:56 Chemistry
37:17 Ballistics
37:59 Scale Mail Armor
grinchekill
0:44 Loom
11:56 Feudal Age
12:05 Man-at-Arms
12:32 Arson
15:07 Scale Mail Armor
15:20 Forging
15:37 Scale Mail Armor
17:40 Double-Bit Axe
17:36 Horse Collar
20:28 Gold Mining
23:05 Castle Age
23:05 Wheelbarrow
23:19 Long Swordsman
24:03 Squires
24:40 Iron Casting
24:34 Bow Saw
25:12 Chain Mail Armor
29:52 Heavy Plow
30:28 Hand Cart
30:00 Town Watch
30:42 Stone Mining
32:18 Fortified Wall
32:18 Masonry
33:13 Stone Shaft Mining
35:49 Imperial Age
33:40 Padded Archer Armor
34:02 Ballistics
33:33 Heated Shot
34:51 Leather Archer Armor
36:58 Crenellations
36:55 Siege Engineers
37:53 Chemistry
37:29 Plate Mail Armor
38:48 Blast Furnace
38:35 Ring Archer Armor
38:00 Elite Teutonic Knight
39:10 Fletching
44:05 Conscription
45:55 Guard Tower
Curupira
0:27 Loom
9:57 Feudal Age
10:41 Double-Bit Axe
11:41 Horse Collar
12:44 Stone Mining
19:12 Castle Age
18:56 Fletching
20:33 Bow Saw
22:05 Bodkin Arrow
29:54 Heavy Plow
31:07 Wheelbarrow
31:38 Ballistics
33:20 Padded Archer Armor
37:22 Imperial Age
35:57 Hand Cart
36:26 Fortified Wall
36:43 Squires
36:44 Scale Mail Armor
36:33 Town Watch
36:44 Elite Skirmisher
37:34 Thumb Ring
37:59 Gold Mining
38:26 Bracer
39:32 Chemistry
39:46 Conscription
40:15 Leather Archer Armor
40:13 Masonry
39:45 Crossbowman
41:45 Arbalester
43:00 Ring Archer Armor
44:51 Town Watch
46:25 Architecture
45:36 Treadmill Crane
Connection lost

Rejoining the realm…

Still unreachable

The connection could not be restored.

Session expired

The server has moved on; the page needs a fresh start.